 Dungeon Sprint DCSS version bcrawl-1.21.2-1-g32d02e0829 (webtiles) character file.

Game seed: 14443119692621547977

2012 Groucho the Nimble (level 9, -24/55 HPs)
             Began as a Felid Martial Artist on Feb 18, 2020.
             Was a High Priest of Wu Jian.
             Killed from afar by an ogre mage (63 damage)
             ... with a crystal spear
             ... in the Dungeon (Sprint IX: "|||||||||||||||||||||||||||||").
             The game lasted 00:03:46 (214 turns).

Groucho the Nimble (Felid Martial Artist)            Turns: 214, Time: 00:03:47

Health: -24/55     AC:  2    Str: 11    XL:     9   Next: 22%
Magic:  25/25      EV: 34    Int: 10    God:    Wu Jian [*****.]
Gold:   0          SH:  0    Dex: 22    Spells: 29/30 levels left
                                        Lives:  0   Deaths: 2

rFire    . . .     SeeInvis +     - Unarmed
rCold    . . .     Gourm    .   (shield unavailable)
rNeg     . . .     Faith    .   (armour unavailable)
rPois    .         Spirit   .   (helmet unavailable)
rElec    .         Reflect  .   (cloak restricted)
rCorr    .         Harm     .   (gloves unavailable)
MR       +....     NoTele   +   (boots unavailable)
Stlth    +++++.....             (no amulet)
HPRegen  0.18/turn              n - +2 ring of evasion
MPRegen  0.19/turn              o - +3 ring of strength

@: very slightly contaminated, invisible, quick
A: very small, no armour, no weapons or thrown items, stealth, claws 1, fangs 3,
see invisible, carnivore, speed 1, shaggy fur 2, slow metabolism 1, sharp paws
a: Wall Jump, Serpent's Lash, Heavenly Storm, Renounce Religion


You were in the Dungeon.
You worshipped Wu Jian.
Wu Jian was extremely pleased with you.
You were not hungry.

You visited 1 branch

Inventory:

Jewellery
 n - a +2 ring of evasion (left paw)
 o - a +3 ring of strength (right paw)
Wands
 m - a wand of iceblast (10)
Scrolls
 h - 2 scrolls of blinking
 k - 3 scrolls of remove curse
 l - 2 scrolls of amnesia
Potions
 a - a potion of agility
 b - a potion of haste
 c - 5 potions of curing
 f - 4 potions of magic
 g - a potion of berserk rage
 j - 2 potions of heal wounds
Comestibles
 e - 11 rations {!d}


   Skills:
 * Level 10.6 Fighting
 * Level 13.4 Dodging
 + Level 10.3 Stealth
 * Level 12.7 Unarmed Combat
 * Level 11.1 Spellcasting
 + Level 10.3 Hexes


You had 29 spell levels left.
You knew the following spells:

 Your Spells              Type           Power        Failure   Level  Hunger
a - Confusing Touch       Hex            ####....     1%          1    None
Your spell library was empty.

Dungeon Overview and Level Annotations

Branches:
Dungeon (1/1)

Altars:
Cheibriados
Dithmenos
Elyvilon
Fedhas
Gozag
Hepliaklqana
Kikubaaqudgha
Lugonu
Makhleb
Nemelex Xobeh
Okawaru
Qazlal
Ru
Sif Muna
Trog
Uskayaw
Vehumet
Wu Jian
Xom
Yredelemnul
Zin
The Shining One
Beogh
Jiyva

Shops:
D !


Innate Abilities, Weirdness & Mutations

You cannot wear almost all types of armour.
You are incapable of wielding weapons or throwing items.
Your paws allow you to move quietly. (Stealth)
You have sharp claws.
You have razor-sharp teeth.
You have supernaturally acute eyesight. (SInv)
You are carnivorous and can eat meat at any time.
You cover ground quickly.
You are covered in thick fur. (AC +2)
You have a slow metabolism.
Your sharp claws are effective at attacking unaware monsters.


Message History

The ogre mage gestures at the ogre while chanting.
The ogre seems to speed up.
You are very lightly contaminated with residual magic.
You claw the two-headed ogre!
The two-headed ogre is moderately wounded.
The two-headed ogre completely misses you.
The two-headed ogre misses you.
You claw the two-headed ogre! You claw the two-headed ogre.
The two-headed ogre is heavily wounded.
The ogre mage completely misses you.
The two-headed ogre hits you with a +0 dire flail!
The two-headed ogre completely misses you.
You pounce on the helpless two-headed ogre from behind!
You mangle the two-headed ogre!!
You kill the two-headed ogre!
The Council accepts your kill.
The ogre mage gestures at you while chanting.
The crystal spear hits you!!!
Ouch! That really hurt!
You die...

▓▓▓▓▓▓▓▓▓▓▓▓▓▓▓▓▓▓▓▓▓▓▓▓▓▓
.........................▓
▓▓▓▓▓▓▓▓▓▓▓▓▓▓▓▓▓▓▓▓▓▓▓▓.▓
∩OOOOO)@........▓
▓▓▓▓▓▓▓▓▓▓▓▓▓▓▓▓▓
...............▓
▓▓▓▓▓▓▓▓▓▓▓▓▓▓▓▓▓▓▓▓▓▓▓.▓
YYYYYYY§§§'..[[[[..'....▓
▓▓▓▓▓▓▓▓▓▓▓▓▓▓▓▓▓▓▓▓▓▓▓▓▓
▓▓▓▓▓▓▓▓▓▓▓▓▓▓▓▓
.|)[[[..').(CS.+


You could see 2 ogre magi and 3 ogres.

Vanquished Creatures
  A two-headed ogre (D)
  A cyclops (D)
  A troll (D)
  A slime creature (D)
  A centaur (D)
  A bullfrog (D)
  A big kobold (D)
  An adder (D)
  A leopard gecko (D)
  A bat zombie (D)
  A hobgoblin (D)
  A kobold (D)
  A ball python (D)
  A jackal zombie (D)
  A rat (D)
15 creatures vanquished.

Notes
Turn   | Place    | Note
-------+----------+-------------------------------------------
     0 | D        | Groucho the Felid Martial Artist began the quest for the
                  | Orb.
     0 | D        | Reached XP level 1. HP: 12/12 MP: 3/3
     3 | D        | Reached skill level 5 in Unarmed Combat
     6 | D        | Reached ** piety under Wu Jian
    34 | D        | Reached skill level 5 in Fighting
    34 | D        | Reached skill level 6 in Dodging
    34 | D        | Reached XP level 2. HP: 18/18 MP: 4/8
    34 | D        | Reached XP level 3. HP: 23/23 MP: 5/10
    34 | D        | Reached XP level 4. HP: 27/27 MP: 5/11
    34 | D        | Noticed a troll
    34 | D        | Reached skill level 7 in Dodging
    34 | D        | Reached skill level 5 in Spellcasting
    34 | D        | Reached XP level 5. HP: 30/30 MP: 5/13
    34 | D        | Noticed a bullfrog
    47 | D        | Killed a troll
    57 | D        | Killed a bullfrog
    57 | D        | Reached *** piety under Wu Jian
    78 | D        | Found a roughly hewn altar of Beogh.
    78 | D        | Found a snail-covered altar of Cheibriados.
    78 | D        | Found a shadowy altar of Dithmenos.
    78 | D        | Found a white marble altar of Elyvilon.
    78 | D        | Found a blossoming altar of Fedhas.
    78 | D        | Found an opulent altar of Gozag.
    79 | D        | Found a hazy altar of Hepliaklqana.
    80 | D        | Found a viscous altar of Jiyva.
    81 | D        | Found an ancient bone altar of Kikubaaqudgha.
    82 | D        | Found a corrupted altar of Lugonu.
    83 | D        | Found a burning altar of Makhleb.
    84 | D        | Found a sparkling altar of Nemelex Xobeh.
    85 | D        | Found an iron altar of Okawaru.
    86 | D        | Found a stormy altar of Qazlal.
    87 | D        | Found a sacrificial altar of Ru.
    88 | D        | Found a shimmering blue altar of Sif Muna.
    89 | D        | Found a bloodstained altar of Trog.
    90 | D        | Found a hide-covered altar of Uskayaw.
    91 | D        | Found a radiant altar of Vehumet.
    92 | D        | Found an ornate altar of the Wu Jian Council.
    93 | D        | Found a shimmering altar of Xom.
    94 | D        | Found a basalt altar of Yredelemnul.
    95 | D        | Found a glowing silver altar of Zin.
    96 | D        | Found a glowing golden altar of the Shining One.
   122 | D        | Reached skill level 5 in Stealth
   122 | D        | Reached skill level 5 in Hexes
   122 | D        | Noticed a centaur
   122 | D        | Reached skill level 8 in Dodging
   122 | D        | Gained mutation: You are covered in thick fur. (AC +2)
                  | [Felid growth]
   122 | D        | Reached XP level 6. HP: 37/37 MP: 14/16
   122 | D        | Noticed a slime creature
   122 | D        | Reached skill level 9 in Dodging
   122 | D        | Reached XP level 7. HP: 42/42 MP: 15/19
   122 | D        | Noticed a cyclops
   122 | D        | Reached skill level 10 in Dodging
   122 | D        | Reached skill level 10 in Unarmed Combat
   122 | D        | Noticed a cyclops
   123 | D        | Reached **** piety under Wu Jian
   124 | D        | Killed a slime creature
   137 | D        | Killed a cyclops
   140 | D        | Mangled by a cyclops
   141 | D        | Reached XP level 6. HP: -11/39 MP: 17/18
   164 | D        | Reached skill level 11 in Dodging
   164 | D        | Reached XP level 7. HP: 44/44 MP: 20/20
   164 | D        | Noticed a death yak
   164 | D        | Reached XP level 8. HP: 49/49 MP: 22/22
   164 | D        | Noticed a catoblepas
   165 | D        | Noticed a death yak
   166 | D        | Reached skill level 12 in Dodging
   166 | D        | Noticed a yak
   167 | D        | Noticed a yak
   168 | D        | Reached skill level 10 in Spellcasting
   168 | D        | Noticed a yak
   173 | D        | Reached XP level 9. HP: 54/54 MP: 22/24
   173 | D        | Noticed a death yak
   178 | D        | Slain by a catoblepas
   179 | D        | Reached XP level 8. HP: -1/50 MP: 23/23
   210 | D        | Found Vadoel's Distillery.
   210 | D        | Reached skill level 10 in Fighting
   210 | D        | Noticed an ogre mage
   210 | D        | Reached skill level 13 in Dodging
   210 | D        | Reached skill level 10 in Stealth
   210 | D        | Reached skill level 10 in Hexes
   210 | D        | Reached XP level 9. HP: 55/55 MP: 24/24
   210 | D        | Noticed an ogre mage
   210 | D        | Noticed a two-headed ogre
   214 | D        | Killed a two-headed ogre
   214 | D        | Reached ***** piety under Wu Jian
   214 | D        | Killed from afar by an ogre mage

Skill      XL: |  1  2  3  4  5  6  7  8  9 |
---------------+----------------------------+-----
Unarmed Combat | 6 7 8 9 11 12 | 12.7
Stealth        | 4 5 8 10 | 10.3
Hexes          | 4 5 8 7 10 | 10.3
Fighting       | 5 6 7 9 10 | 10.6
Dodging        | 6 7 8 11 10 13 | 13.4
Spellcasting   | 4 5 6 7 9 10 11 | 11.1

Action                   |  1- 3 |  4- 6 |  7- 9 || total
-------------------------+-------+-------+-------++-------
Melee: Unarmed           |     5 |    31 |    32 ||    68
       Bite              |       |       |     5 ||     5
       Punch             |       |       |     3 ||     3
 Cast: Confusing Touch   |       |     1 |     1 ||     2
Invok: Lunge             |     5 |       |     4 ||     9
 Abil: Serpent's Lash    |       |       |     1 ||     1
  Use: Potion            |       |     1 |     1 ||     2
 Stab: Sleeping          |     4 |       |     2 ||     6
       Invisible         |       |       |     1 ||     1
  Eat: Chunk             |     6 |     1 |       ||     7
Armor: Skin              |       |     1 |       ||     1
Dodge: Dodged            |       |    48 |    14 ||    62
